 Dungeon Crawl Stone Soup version bcrawl-1.22 (webtiles) character file.

Game seed: 15613748375630382910

755 pasperui the Basher (level 7, -7/50 HPs)
             Began as an Oni Wizard on May 5, 2020.
             Mangled by a bullfrog (14 damage)
             ... on level 4 of the Dungeon.
             The game lasted 00:18:03 (4707 turns).

pasperui the Basher (Oni Wizard)                    Turns: 4707, Time: 00:18:04

Health: -7/50      AC:  6    Str: 11    XL:     7   Next: 79%
Magic:  13/13      EV: 12    Int: 21    God:
Gold:   389        SH:  0    Dex:  9    Spells: 3/12 levels left

rFire    . . .     SeeInvis .   r - +3 mace (protect)
rCold    . . .     Gourm    .   (no shield)
rNeg     . . .     Faith    .   b - +0 animal skin
rPois    .         Spirit   .   c - +0 hat
rElec    .         Reflect  .   y - +2 cloak
rCorr    .         Harm     .   k - +0 pair of gloves
MR       .....                  (no boots)
Stlth    ++........             (no amulet)
HPRegen  0.16/turn              (no ring)
MPRegen  0.13/turn              (no ring)

@: no status effects
A: oni magic, claws 1, fangs 1, horns 1
a: no special abilities


You were on level 4 of the Dungeon.
You were hungry.

You visited 1 branch of the dungeon, and saw 5 of its levels.

You collected 389 gold pieces.

Inventory:

Hand Weapons
 r - a +3 mace of protection (weapon)
 x - a +0 spear
 E - a +0 hand crossbow
Missiles
 m - 94 poisoned needles
 n - 73 bolts
 t - 423 stones (quivered)
 u - 154 tomahawks
 B - 290 sling bullets
 G - 169 arrows
Armour
 a - a +2 helmet of see invisible
 b - a +0 animal skin (worn)
 c - a +0 hat (worn)
 k - a +0 pair of gloves (worn)
 y - a +2 cloak (worn)
 A - a scarf of stasis
 F - a +0 hat
Jewellery
 d - a cursed ring of attention {unknown}
 l - an uncursed ring of poison resistance {unknown}
 o - an uncursed ring of positive energy {unknown}
Scrolls
 g - 5 scrolls of remove curse {unknown}
 h - 8 scrolls of identify {unknown}
 i - 2 scrolls of fear {unknown}
 p - a scroll of fog {unknown}
 w - a scroll of amnesia {unknown}
 D - a scroll of blinking {unknown}
 I - a scroll of teleportation {unknown}
Potions
 f - 2 potions of brilliance
 j - 3 potions of curing {unknown}
 q - a potion of berserk rage {unknown}
 s - a potion of might {unknown}
 v - 3 potions of heal wounds {unknown}
 z - a potion of agility {unknown}
 J - a potion of invisibility {unknown}
Books
 H - a book of Changes
Comestibles
 e - 8 rations {!d}


   Skills:
 - Level 8.2 Maces & Flails
 - Level 1.7 Dodging
 - Level 2.2 Stealth
 * Level 3.1 Spellcasting
   Level 3.1 Conjurations
   Level 3.1 Hexes
   Level 3.1 Charms
   Level 3.1 Summonings
   Level 3.1 Necromancy
   Level 3.1 Translocations
   Level 3.1 Transmutations
   Level 3.1 Fire Magic
   Level 3.1 Ice Magic
   Level 3.1 Air Magic
   Level 3.1 Earth Magic
   Level 3.1 Poison Magic


You had 3 spell levels left.
You knew the following spells:

 Your Spells              Type           Power        Failure   Level  Hunger
a - Magic Dart            Conj           ###.         3%          1    None
b - Mephitic Cloud        Conj/Pois/Air  ###.....     12%         3    ###....
c - Spider Form           Tmut/Pois      ###          11%         3    ###....
d - Blink                 Tloc           N/A          4%          2    ##.....

Your spell library contained the following spells:

 Spells                   Type           Power        Failure   Level  Hunger
 Sting                    Conj/Pois      ###.         3%          1    None
 Call Imp                 Summ           ###...       4%          2    ##.....
 Corpse Rot               Necr           N/A          4%          2    ##.....
 Shackle                  Hex            ###.....     4%          2    ##.....
 Conjure Flame            Conj/Fire      ###.....     11%         3    ###....


Dungeon Overview and Level Annotations

Branches:
Dungeon (5/12)
 Temple: D:4-7

Altars:
Elyvilon
Makhleb
Nemelex Xobeh
Sif Muna
Vehumet

Annotations:
D:5 Eustachio


Innate Abilities, Weirdness & Mutations

You learn spells by gaining experience, not through books or religion.
You only train spellcasting to practice magic.
You have sharp fingernails.
You have very sharp teeth.
You have a pair of small horns on your head.


Message History

The bullfrog hits you.
The bullfrog hits you but does no damage.
There is a stone staircase leading up here.
The bullfrog barely misses you. The bullfrog completely misses you.
You climb upwards.
There is a stone staircase leading down here.
Unknown command.
You barely miss the bullfrog.
The bullfrog is severely wounded.
The bullfrog hits you!
* * * LOW HITPOINT WARNING * * *
You closely miss the bullfrog.
The bullfrog is severely wounded.
The bullfrog hits you but does no damage.
The bullfrog hits you.
* * * LOW HITPOINT WARNING * * *
You barely miss the bullfrog.
The bullfrog is severely wounded.
The bullfrog hits you!
You die...

#..## #.##
##..### ##.#####
###..####......##
##............#
##...........#
##..........#
#..........#
##........F#
#........@#
#.........#
##.........#
##..#.......#
##..#####...##
##..## #####
###..#####
##...##...###
#...#.......####


You could see a bullfrog.

Vanquished Creatures
  A hippogriff (D:4)
  An ogre (D:5)
  A howler monkey (D:3)
  3 crimson imps
  A hound (D:4)
  A jelly (D:3)
  A bullfrog skeleton (D:5)
  An orc priest (D:3)
  Crazy Yiuf (D:2)
  An iguana (D:4)
  A worker ant (D:4)
  Terence (D:3)
  2 adders (D:4)
  2 oozes (D:2)
  An adder skeleton (D:4)
  4 worms
  5 dart slugs
  3 leopard geckos
  2 orcs
  3 giant cockroaches (D:1)
  9 hobgoblins
  3 jackals
  4 kobolds
  7 quokkas
  A ball python (D:1)
  9 bats
  4 frilled lizards
  5 goblins
  6 rats
84 creatures vanquished.

Notes
Turn   | Place    | Note
-------+----------+-------------------------------------------
     0 | D:1      | pasperui the Oni Wizard began the quest for the Orb.
     0 | D:1      | Reached XP level 1. HP: 14/14 MP: 5/5
   388 | D:1      | Reached XP level 2. HP: 20/20 MP: 5/7
  1243 | D:2      | Found a sparkling altar of Nemelex Xobeh.
  1252 | D:2      | Reached XP level 3. HP: 26/26 MP: 6/9
  1471 | D:2      | Learned a level 3 spell: Mephitic Cloud
  1728 | D:2      | Learned a level 3 spell: Spider Form
  1883 | D:2      | Reached skill level 1 in Maces & Flails
  2119 | D:2      | Reached XP level 4. HP: 30/33 MP: 10/10
  2492 | D:2      | Found a runed door.
  2496 | D:2      | Noticed Crazy Yiuf
  2502 | D:2      | Killed Crazy Yiuf
  2502 | D:2      | Reached skill level 2 in Maces & Flails
  2659 | D:3      | Reached skill level 3 in Maces & Flails
  2673 | D:3      | Noticed Terence
  2734 | D:3      | Killed Terence
  2734 | D:3      | Reached XP level 5. HP: 38/38 MP: 8/11
  2781 | D:3      | Reached skill level 4 in Maces & Flails
  2937 | D:3      | Reached skill level 5 in Maces & Flails
  2937 | D:3      | Reached XP level 6. HP: 34/45 MP: 12/12
  3248 | D:3      | Found a shimmering blue altar of Sif Muna.
  3248 | D:3      | Found a white marble altar of Elyvilon.
  3270 | D:3      | Learned a level 2 spell: Blink
  3869 | D:4      | Reached skill level 6 in Maces & Flails
  4072 | D:4      | Found a radiant altar of Vehumet.
  4073 | D:4      | Found a burning altar of Makhleb.
  4160 | D:5      | Entered Level 5 of the Dungeon
  4176 | D:5      | Reached XP level 7. HP: 49/50 MP: 13/13
  4195 | D:5      | Reached skill level 7 in Maces & Flails
  4203 | D:5      | Noticed a hippogriff
  4231 | D:4      | Killed a hippogriff
  4231 | D:4      | Reached skill level 8 in Maces & Flails
  4699 | D:5      | Noticed Eustachio
  4707 | D:4      | Mangled by a bullfrog

Skill      XL: |  1  2  3  4  5  6  7 |
---------------+----------------------+-----
Stealth        | 2 |  2.2
Maces & Flails | 1 3 5 6 8 |  8.2
Spellcasting   | 3 |  3.1
Dodging        | |  1.7
Conjurations   | |  3.1
Hexes          | |  3.1
Charms         | |  3.1
Summonings     | |  3.1
Necromancy     | |  3.1
Translocations | |  3.1
Transmutations | |  3.1
Fire Magic     | |  3.1
Ice Magic      | |  3.1
Air Magic      | |  3.1
Earth Magic    | |  3.1
Poison Magic   | |  3.1

Action                   |  1- 3 |  4- 6 |  7- 9 || total
-------------------------+-------+-------+-------++-------
Melee: Staff             |    44 |       |       ||    44
       Headbutt          |     7 |    13 |     8 ||    28
       Bite              |     1 |     6 |     3 ||    10
       Mace              |    43 |   160 |    28 ||   231
 Cast: Magic Dart        |    45 |    14 |     3 ||    62
       Mephitic Cloud    |       |     3 |     1 ||     4
 Stab: Sleeping          |     1 |     1 |       ||     2
       Confused          |       |     3 |       ||     3
  Eat: Chunk             |     4 |     7 |     1 ||    12
Armor: Animal skin       |    29 |    70 |    16 ||   115
Dodge: Dodged            |    60 |    99 |    23 ||   182
